 Dungeon Crawl Stone Soup version 0.27-a0-860-gaf99fae3ca (webtiles) character file.

Game seed: 17911032065620809503

342 leviel the Covered (level 6, 0/38 HPs)
             Began as a Gargoyle Fighter on Apr 1, 2021.
             Slain by a gnoll
             ... wielding a +5 club
              (7 damage)
             ... on level 3 of the Dungeon.
             The game lasted 00:05:37 (3548 turns).

leviel the Covered (Gargoyle Fighter)               Turns: 3548, Time: 00:05:38

Health: 0/38       AC: 14    Str: 22    XL:     6   Next: 57%
Magic:  6/6        EV:  8    Int:  8    God:
Gold:   193        SH:  9    Dex:  9    Spells: 5/5 levels left

rFire    . . .     SeeInvis .   a - +1 long sword
rCold    . . .     Faith    .   c - +0 kite shield
rNeg     + . .     Spirit   .   b - +0 scale mail
rPois    ∞         Reflect  .   (no helmet)
rElec    +         Harm     .   (no cloak)
rCorr    .         Rampage  .   (no gloves)
Will     .....                  o - +2 pair of boots
Stlth    ..........             (no amulet)
HPRegen  0.12/turn              (no ring)
MPRegen  0.10/turn              (no ring)

@: no status effects
A: AC +4, negative energy resistance 1, electricity resistance, torment
resistance 1, unbreathing 1, petrification resistance
a: no special abilities


You were on level 3 of the Dungeon.
You visited 1 branch of the dungeon, and saw 3 of its levels.

You collected 193 gold pieces.

Inventory:

Hand Weapons
 a - a +1 long sword (weapon)
Missiles
 i - 41 bolts
 n - 10 boomerangs (quivered)
Armour
 b - a +0 scale mail (worn)
 c - a +0 kite shield (worn)
 o - a +2 pair of boots (worn)
Jewellery
 e - a ring of wizardry
 m - an amulet of magic regeneration
Scrolls
 h - 2 scrolls of identify
 l - a scroll of magic mapping
Potions
 j - a potion of heal wounds {unknown}
 k - a potion of lignification
 p - a potion of haste {unknown}
 q - a potion of attraction {unknown}


   Skills:
 + Level 4.0 Fighting
 + Level 3.6 Long Blades
 + Level 0.4 Throwing
 + Level 4.8 Armour
 + Level 1.2 Dodging
 + Level 0.1 Stealth
 + Level 4.6 Shields


You had 5 spell levels left.
You didn't know any spells.
Your spell library was empty.

Dungeon Overview and Level Annotations

Branches:
Dungeon (3/15)

Altars:
Dithmenos


Innate Abilities, Weirdness & Mutations

Your stone body is resilient. (AC +4)
You are immune to poison.
You resist negative energy. (rN+)
You are resistant to electric shocks. (rElec)
You are resistant to unholy torment.
You can survive without breathing.
You are immune to petrification.


Message History

The gnoll barely misses you. The gnoll closely misses you.
You hit the gnoll.
You kill the gnoll!
You hit the gnoll.
The gnoll is lightly wounded.
You block the gnoll's attack. x2
You barely miss the gnoll.
The gnoll is lightly wounded.
The gnoll barely misses you.
You riposte.
You barely miss the gnoll.
The gnoll is lightly wounded.
You slash the gnoll!
The gnoll is severely wounded.
You block the gnoll's attack. The gnoll hits you with a +3 flail!
You hit the gnoll.
The gnoll is almost dead.
You block the gnoll's attack.
You closely miss the gnoll.
The gnoll is almost dead.
The gnoll completely misses you.
You slash the gnoll!
You kill the gnoll!
You hit the gnoll but do no damage. The gnoll hits you but does no damage.
The gnoll hits you with a +5 club!
You are too injured to fight recklessly!
You are too injured to fight recklessly!
You are too injured to fight recklessly!
You are too injured to fight recklessly!
You are too injured to fight recklessly!
You are too injured to fight recklessly!
You are too injured to fight recklessly!
You are too injured to fight recklessly!
You are too injured to fight recklessly!
You are too injured to fight recklessly!
You are too injured to fight recklessly!
You are too injured to fight recklessly!
You are too injured to fight recklessly!
You barely miss the gnoll. The gnoll hits you with a +5 club.
* * * LOW HITPOINT WARNING * * *
You barely miss the gnoll. The gnoll hits you with a +5 club!
You die...

.#####'######....# #.
#.## #.# #....# #.
.#.# #.# #....#
##########. ..## #.#
#....# #..........
### #.# ######
#.######### ### #.#
#. #.#
g#.#.8#############.#
.g.........g@.......#
.......##############
[#.#.8. #.#. ###. ##


You could see a gnoll.

Vanquished Creatures
  A sky beast (D:3)
  A howler monkey (D:3)
  An orc priest (D:3)
  6 gnolls (D:3)
  3 adders
  A worm (D:3)
  A dart slug (D:1)
  8 orcs (D:3)
  10 endoplasms
  2 giant cockroaches
  4 goblins
  4 hobgoblins
  10 jackals
  7 kobolds
  4 quokkas
  4 ball pythons
  6 bats
  6 frilled lizards
  5 rats
84 creatures vanquished.

Vanquished Creatures (others)
  6 fungi (D:2)
  6 toadstools (D:2)
12 creatures vanquished.

Grand Total: 96 creatures vanquished

Notes
Turn   | Place    | Note
-------+----------+-------------------------------------------
     0 | D:1      | leviel the Gargoyle Fighter began the quest for the Orb.
     0 | D:1      | Reached XP level 1. HP: 14/14 MP: 1/1
    76 | D:1      | Reached XP level 2. HP: 10/19 MP: 2/2
   241 | D:1      | Upgraded the game from 0.27-a0-836-gfc908b8576 to
                  | 0.27-a0-860-gaf99fae3ca
   553 | D:1      | Reached XP level 3. HP: 21/23 MP: 3/3
   856 | D:2      | Found a faded altar of an unknown god.
  1002 | D:2      | Found a shadowy altar of Dithmenos.
  1242 | D:2      | Reached XP level 4. HP: 25/29 MP: 4/4
  1654 | D:3      | Reached XP level 5. HP: 33/33 MP: 5/5
  2491 | D:3      | Noticed a sky beast
  2501 | D:3      | Killed a sky beast
  2502 | D:3      | Reached skill level 1 in Dodging
  2502 | D:3      | Reached XP level 6. HP: 36/38 MP: 6/6
  3548 | D:3      | Slain by a gnoll

Illustrated notes

Levels and vault maps discovered:
D:1:      giann_wishing_wells, layout_rooms
D:2:      layout_rooms, basic_ecumenical_altar, basic_altar,
          chequers_serial_rivers_micro_c, minmay_gold_behind_fungi,
          minmay_tetromino_l2
D:3:      wad_pebble_path, layout_basic, minitemple

Skill      XL: |  1  2  3  4  5 |
---------------+----------------+-----
Long Blades    | 2 3 |  3.6
Armour         | 4 |  4.8
Shields        | 4 |  4.6
Fighting       | 4 |  4.0
Dodging        | 1 |  1.2
Throwing       | |  0.4
Stealth        | |  0.1

Action                   |  1- 3 |  4- 6 || total
-------------------------+-------+-------++-------
Melee: Long sword        |    92 |   173 ||   265
Throw: Boomerang         |    10 |       ||    10
  Use: Potion            |       |     3 ||     3
       Scroll            |       |     3 ||     3
Armor: Scale mail        |    80 |   145 ||   225
       Skin              |       |    25 ||    25
Dodge: Dodged            |    45 |    75 ||   120
Block: Kite shield       |    68 |   132 ||   200
       Rpst.: Long sword |    16 |    24 ||    40

Table legend: (Time is in decaauts)
 A = Elapsed time spent in this place.
 B = Non-inter-level travel time spent in this place.
 C = Inter-level travel time spent in this place.
 D = Time resting spent in this place.
 E = Time spent auto-exploring this place.
 F = Levels seen in this place.
 G = Mean time per level.
                   A        B        C        D        E       F      G
               +--------+--------+--------+--------+--------+-----+--------+
         Total |   3684 |   3620 |     64 |    899 |   2031 |   3 | 1228.0 |
       Dungeon |   3684 |   3620 |     64 |    899 |   2031 |   3 | 1228.0 |
               +--------+--------+--------+--------+--------+-----+--------+

Top non-repeatable levels by time:
     D:3: 1790 daAuts
     D:2: 1007 daAuts
     D:1: 885 daAuts
